 Dungeon Crawl Stone Soup version 0.20.1-1-g8b1a95d (webtiles) character file.

12231 doot the Thaumaturge (level 11, -5/60 HPs)
             Began as a Deep Elf Fire Elementalist on Sept 1, 2017.
             Was an Elder of Vehumet.
             Slain by a komodo dragon (26 damage)
             ... on level 2 of the Lair of Beasts.
             The game lasted 00:56:52 (15599 turns).

doot the Thaumaturge (Deep Elf Fire Elementalist)  Turns: 15599, Time: 00:56:53

Health: -5/60      AC:  9    Str:  7    XL:     11   Next: 59%
Magic:  26/27      EV: 14    Int: 26    God:    Vehumet [****..]
Gold:   735        SH:  3    Dex: 15    Spells: 9/30 levels left

rFire    . . .     SeeInvis .   b - +0 rapier
rCold    . . .     Gourm    .   M - +0 buckler
rNeg     . . .     Faith    +   W - +2 troll leather armour {Snorg}
rPois    .         Spirit   .   E - +2 helmet
rElec    .         Reflect  .   (no cloak)
rCorr    .         Harm     .   (no gloves)
MR       +....                  (no boots)
Stlth    ++++++....             D - amulet of faith
Regen    0.6/turn               y - ring of stealth
MPRegen  0.2/turn               Z - ring of stealth

@: no status effects
A: clever 1, strong 1
a: Renounce Religion


You were on level 2 of the Lair of Beasts.
You worshipped Vehumet.
Vehumet was greatly pleased with you.
You were not hungry.

You visited 3 branches of the dungeon, and saw 14 of its levels.

You collected 735 gold pieces.

Inventory:

Hand Weapons
 b - a +0 rapier (weapon)
 w - a +0 dagger of holy wrath
 Q - the +5 war axe "Demonslayer" {antimagic, rF+ rC+}
   (You found it on level 9 of the Dungeon)

   It reduces the magical energy of the wielder, and disrupts the spells and
   magical abilities of those hit.
   Natural abilities and divine invocations are not affected.
   It protects you from fire.
   It protects you from cold.
 V - a +3 scimitar of flaming
 Y - a +1 dagger of venom
Missiles
 k - 3 needles of frenzy
Armour
 A - a +2 robe of cold resistance
 E - a +2 helmet (worn)
 M - a +0 buckler (worn)
 U - the +2 chain mail "Eleock" {rN+ Regen+ SInv}
   (You found it on level 10 of the Dungeon)

   It protects you from negative energy.
   It lets you see invisible.
   It increases your rate of regeneration.
 W - a +2 troll leather armour (worn) {Snorg}
Magical Staves
 a - an uncursed staff of wizardry
 R - an uncursed staff of summoning
Jewellery
 y - a ring of stealth (left hand)
 D - an amulet of faith (around neck)
 O - an uncursed ring of positive energy
 S - an uncursed ring of resist corrosion
 Z - a ring of stealth (right hand)
Wands
 d - a wand of iceblast (8/15)
 t - a wand of flame (37/48)
 J - a wand of lightning (8/15)
 P - a wand of random effects (18/48)
Scrolls
 g - 7 scrolls of remove curse
 j - 4 scrolls of magic mapping
 n - 3 scrolls of enchant weapon
 p - 2 scrolls of identify
 q - a scroll of fear
 r - 2 scrolls of fog {unknown}
 s - 4 scrolls of amnesia {unknown}
 v - 5 scrolls of enchant armour {unknown}
 F - a scroll of teleportation {unknown}
 X - 2 scrolls of vulnerability
Potions
 e - 2 potions of agility {unknown}
 f - 2 potions of might
 i - 2 potions of mutation {unknown}
 m - a potion of heal wounds
 o - 4 potions of haste
 u - 2 potions of flight
 x - 3 potions of brilliance
 z - 2 potions of degeneration {unknown}
 B - a potion of experience {unknown}
 C - 6 potions of curing
 G - a potion of ambrosia {unknown}
 I - 3 potions of magic {unknown}
 K - a potion of cancellation {sigmund's one, unknown}
 L - 2 potions of lignification
 T - 2 potions of berserk rage {unknown}
Books
 H - a book of Flames

   Spells                             Type                      Level
   a - Flame Tongue                   Conjuration/Fire             1
   b - Throw Flame                    Conjuration/Fire             2
   c - Conjure Flame                  Conjuration/Fire             3
   d - Inner Flame                    Hexes/Fire                   3
   e - Sticky Flame                   Conjuration/Fire             4
   f - Fireball                       Conjuration/Fire             5
Comestibles
 c - 13 bread rations
 h - 7 fruits
 l - 9 royal jellies
 N - 2 meat rations


   Skills:
 + Level 3.4 Fighting
 + Level 6.4(6.6) Short Blades
 + Level 1.3(3.9) Long Blades
 + Level 2.2 Armour
 + Level 6.6 Dodging
 + Level 10.2 Stealth
 + Level 0.2 Shields
 + Level 10.4 Spellcasting
 + Level 8.7 Conjurations
 + Level 9.2 Fire Magic
 + Level 2.2 Air Magic
 + Level 0.7 Poison Magic


You had 9 spell levels left.
You knew the following spells:

 Your Spells              Type           Power        Failure   Level  Hunger
a - Flame Tongue          Conj/Fire      #####        1%          1    None
b - Throw Flame           Conj/Fire      ######       1%          2    None
c - Conjure Flame         Conj/Fire      ######..     1%          3    None
d - Sticky Flame          Conj/Fire      ######..     1%          4    None
e - Fireball              Conj/Fire      ######....   1%          5    ####...
f - Mephitic Cloud        Conj/Pois/Air  ####....     1%          3    None
g - Static Discharge      Conj/Air       #####...     1%          3    None


Dungeon Overview and Level Annotations

Branches:
Dungeon (11/15)            Temple (1/1) D:6            Lair (2/6) D:9
  Swamp: Lair:2-4    Shoals: Lair:2-4     Snake: Lair:2-4    Spider: Lair:2-4
    Orc: D:9-12

Altars:
Ashenzari
Cheibriados
Dithmenos
Elyvilon
Fedhas
Gozag
Hepliaklqana
Kikubaaqudgha
Makhleb
Nemelex Xobeh
Okawaru
Qazlal
Ru
Sif Muna
Trog
Uskayaw
Vehumet
Xom
Yredelemnul
Zin
The Shining One

Annotations:
D:8 Thaneod's ghost, novice MiBe


Innate Abilities, Weirdness & Mutations

Your mind is acute. (Int +2)
Your muscles are strong. (Str +2)


Message History

The komodo dragon bites you!
Casting: Sticky Flame
Confirm with . or Enter, or press ? or * to list all spells.
Aiming: Sticky Flame
Press: ? - help, Shift-Dir - straight line, f - komodo dragon
Aim: a komodo dragon The sticky flame hits the komodo dragon.
The komodo dragon is lightly wounded.
The komodo dragon is covered in liquid flames!
The komodo dragon burns!
The komodo dragon bites you!
* * * LOW HITPOINT WARNING * * *
The komodo dragon burns!
A porcupine comes into view.
The komodo dragon burns!
The porcupine moves out of view.
The komodo dragon burns!
The komodo dragon burns!
The komodo dragon burns!
The komodo dragon stops burning.
A hippogriff comes into view.
The komodo dragon bites you!!
You die...

.# #..# .#
#..## ♣ ..
#..P# .#
..P####...#
##
..P#.P#..P# #
#.....(..##
.#........#
...#.......#
.........@.##
...#.....l%.#
.
...........##
.##.........#
H.[##.......#
#.........#
##.........#
#..........##
♣
##.........P#


You could see a komodo dragon.

Vanquished Creatures
  Snorg (D:10)
  A hydra (Lair:2)
  Erica (D:10)
  A centaur warrior (D:10)
  2 two-headed ogres
  Nergalle (D:10)
  Joseph (D:7)
  2 komodo dragons
  A troll (D:9)
  Sigmund (D:5)
  A wyvern (Lair:2)
  5 yaks (D:9)
  A hungry ghost (D:10)
  Menkaure (D:5)
  A water moccasin (D:9)
  The ghost of doot the Magician, an amateur DEFE (D:3)
  5 porcupines
  3 orc warriors
  3 ice beasts
  5 sky beasts
  3 black bears
  A phantom (D:10)
  7 ogres
  3 wolves (Lair:1)
  A centaur (D:6)
  2 crocodiles
  A big kobold (D:8)
  4 bullfrogs
  Blork the orc (D:5)
  A scorpion (D:9)
  3 howler monkeys
  An electric eel (Lair:1)
  6 crimson imps
  A centaur zombie (D:9)
  4 hounds
  A bullfrog skeleton (D:7)
  A jelly (D:10)
  2 quasits
  6 orc priests
  7 orc wizards
  An iguana (D:8)
  Natasha (thrice) (D:2)
  9 worker ants
  A hound skeleton (D:7)
  A howler monkey skeleton (D:4)
  4 gnolls (D:4)
  15 adders
  2 shadow imps
  An ooze (D:7)
  An adder zombie (D:9)
  An adder skeleton (D:8)
  7 worms
  6 dart slugs
  6 leopard geckos
  32 orcs
  17 bats
  7 giant cockroaches
  3 goblins
  3 hobgoblins (D:1)
  12 jackals
  14 kobolds
  5 quokkas
  A ball python (D:3)
  5 frilled lizards
  A jackal zombie (D:6)
  A leopard gecko zombie (D:8)
  A quokka zombie (D:6)
  7 rats
261 creatures vanquished.

Vanquished Creatures (others)
  A fire vortex (D:3)
  5 fungi (Lair:2)
6 creatures vanquished.

Grand Total: 267 creatures vanquished

Notes
Turn   | Place    | Note
-------+----------+-------------------------------------------
     0 | D:1      | doot the Deep Elf Fire Elementalist began the quest for the Orb.
     0 | D:1      | Reached XP level 1. HP: 10/10 MP: 6/6
     2 | D:1      | Noticed a naga
     4 | D:1      | Noticed a minotaur
     4 | D:1      | Noticed an octopode
     6 | D:1      | Noticed a demonspawn
     6 | D:1      | Noticed a felid
     8 | D:1      | Noticed a draconian
     8 | D:1      | Noticed a centaur
    10 | D:1      | Noticed a tengu
    10 | D:1      | Noticed an elf
    12 | D:1      | Noticed a ghoul
    12 | D:1      | Noticed an ogre
    14 | D:1      | Noticed a merfolk
    14 | D:1      | Noticed a demigod
    16 | D:1      | Noticed a halfling
    16 | D:1      | Noticed a troll
    18 | D:1      | Noticed a formicid
    20 | D:1      | Noticed a spriggan
    22 | D:1      | Noticed a human
    22 | D:1      | Noticed a dwarf
    24 | D:1      | Noticed a vine stalker
    24 | D:1      | Noticed a vampire
    26 | D:1      | Noticed a gargoyle
    94 | D:1      | Reached XP level 2. HP: 11/15 MP: 5/8
   483 | D:1      | Learned a level 2 spell: Throw Flame
   604 | D:1      | Reached XP level 3. HP: 19/19 MP: 6/9
  1328 | D:2      | Reached XP level 4. HP: 24/24 MP: 8/11
  1333 | D:2      | Learned a level 3 spell: Conjure Flame
  1714 | D:2      | Noticed Natasha
  1723 | D:2      | Killed Natasha
  2042 | D:2      | Reached XP level 5. HP: 28/28 MP: 10/12
  2048 | D:2      | Learned a level 4 spell: Sticky Flame
  2185 | D:2      | Noticed Natasha
  2299 | D:2      | Killed Natasha
  2661 | D:3      | Noticed an orc warrior
  2924 | D:2      | Noticed Natasha
  2932 | D:2      | Killed Natasha
  3088 | D:3      | Reached skill level 5 in Fire Magic
  3359 | D:3      | Noticed doot's ghost (amateur DEFE)
  3431 | D:3      | Reached skill level 1 in Short Blades
  3849 | D:3      | Reached XP level 6. HP: 33/33 MP: 9/14
  4908 | D:4      | Found a bloodstained altar of Trog.
  5372 | D:4      | Reached XP level 7. HP: 34/37 MP: 11/16
  5501 | D:5      | Entered Level 5 of the Dungeon
  5776 | D:5      | Noticed Menkaure
  5871 | D:5      | Noticed Blork the orc
  5899 | D:5      | Killed Blork the orc
  5899 | D:5      | Reached skill level 5 in Spellcasting
  6089 | D:5      | Killed Menkaure
  6288 | D:5      | Found a snail-covered altar of Cheibriados.
  6380 | D:5      | Noticed Sigmund
  6462 | D:6      | Found a staircase to the Ecumenical Temple.
  6488 | Temple   | Entered the Ecumenical Temple
  6579 | Temple   | Became a worshipper of Vehumet
  6735 | D:6      | Reached XP level 8. HP: 42/42 MP: 11/18
  6782 | D:6      | Learned a level 5 spell: Fireball
  6794 | D:6      | Reached skill level 1 in Fighting
  6794 | D:6      | Reached skill level 5 in Conjurations
  7122 | D:6      | Reached skill level 5 in Stealth
  7155 | D:6      | Gained mutation: Your muscles are strong. (Str +2) [mutagenic meat]
  7156 | D:6      | Gained mutation: Your mind is acute. (Int +2) [mutagenic meat]
  7552 | D:7      | Reached * piety under Vehumet
  7552 | D:7      | Offered knowledge of Sting by Vehumet.
  8079 | D:7      | Noticed Joseph
  8091 | D:7      | HP: 2/43 [Joseph/quarterstaff (11)]
  8098 | D:7      | Killed Joseph
  8098 | D:7      | Reached XP level 9. HP: 21/47 MP: 6/21
  8850 | D:5      | Killed Sigmund
  9208 | D:8      | Reached ** piety under Vehumet
  9208 | D:8      | Offered knowledge of Shock by Vehumet.
  9230 | D:8      | Noticed Thaneod's ghost (novice MiBe)
  9243 | D:8      | Noticed a two-headed ogre
  9253 | D:8      | Noticed a hand axe
  9253 | D:8      | Noticed a hand axe
  9255 | D:8      | Found a hide-covered altar of Uskayaw.
  9431 | D:8      | Killed a two-headed ogre
  9431 | D:8      | Reached skill level 5 in Short Blades
  9431 | D:8      | Reached skill level 5 in Dodging
  9770 | D:3      | Killed doot's ghost
  9770 | D:3      | Reached XP level 10. HP: 45/54 MP: 14/24
 10554 | D:9      | Offered knowledge of Mephitic Cloud by Vehumet.
 10559 | D:9      | Learned a level 3 spell: Mephitic Cloud
 10687 | D:9      | Found a staircase to the Lair.
 10756 | D:9      | Found a white marble altar of Elyvilon.
 10758 | D:9      | Found an ancient bone altar of Kikubaaqudgha.
 10905 | D:9      | Got a crystal war axe
 10906 | D:9      | Identified the +5 war axe "Demonslayer" {antimagic, rF+ rC+} (You found it on level 9 of the Dungeon)
 11257 | D:9      | Reached *** piety under Vehumet
 11833 | D:10     | Entered Level 10 of the Dungeon
 11833 | D:10     | Noticed a two-headed ogre
 11955 | D:9      | Killed a two-headed ogre
 12075 | D:10     | Noticed Nergalle
 12137 | D:10     | Offered knowledge of Static Discharge by Vehumet.
 12153 | D:10     | Learned a level 3 spell: Static Discharge
 12611 | D:10     | Noticed Erica
 12649 | D:10     | Reached skill level 1 in Air Magic
 12719 | D:10     | Noticed Snorg
 12819 | D:10     | Noticed a centaur warrior
 12828 | D:10     | HP: 1/56 [centaur warrior (11)]
 12831 | D:10     | Killed a centaur warrior
 12831 | D:10     | Reached skill level 10 in Spellcasting
 12831 | D:10     | Reached XP level 11. HP: 19/60 MP: 11/27
 13226 | D:10     | Killed Erica
 13285 | D:10     | Killed Nergalle
 13507 | D:10     | Killed Snorg
 13622 | D:10     | Got a shimmering chain mail
 13633 | D:10     | Identified the +2 chain mail "Eleock" {rN+ Regen+ SInv} (You found it on level 10 of the Dungeon)
 13886 | Lair:1   | Entered Level 1 of the Lair of Beasts
 14211 | Lair:1   | Reached skill level 10 in Stealth
 14632 | Lair:1   | Reached **** piety under Vehumet
 14950 | Lair:2   | Noticed a five-headed hydra
 14966 | Lair:2   | Killed a one-headed hydra
 14966 | Lair:2   | Reached skill level 1 in Long Blades
 14966 | Lair:2   | Reached skill level 1 in Armour
 15220 | Lair:2   | Noticed a five-headed hydra
 15298 | Lair:2   | Noticed a death yak
 15298 | Lair:2   | Noticed a death yak
 15298 | Lair:2   | Noticed a death yak
 15298 | Lair:2   | Noticed a death yak
 15298 | Lair:2   | Noticed a death yak
 15300 | Lair:2   | Noticed a death yak
 15599 | Lair:2   | Slain by a komodo dragon

Skill      XL: |  1  2  3  4  5  6  7  8  9 10 11 |
---------------+----------------------------------+-----
Fire Magic     | 4 5 6 7 8 9 |  9.2
Conjurations   | 2 3 4 5 6 8 |  8.7
Stealth        | 3 4 6 7 9 10 | 10.2
Spellcasting   | 4 5 6 8 10 | 10.4
Short Blades   | 1 2 3 5 6 |  6.4
Dodging        | 3 4 5 6 |  6.6
Fighting       | 1 2 3 |  3.4
Air Magic      | 1 2 |  2.2
Long Blades    | 1 |  1.3
Armour         | 2 |  2.2
Shields        | |  0.2
Poison Magic   | |  0.7

Action                   |  1- 3 |  4- 6 |  7- 9 | 10-12 || total
-------------------------+-------+-------+-------+-------++-------
Melee: Dagger            |    27 |    48 |   110 |     8 ||   193
       Rapier            |       |       |    41 |    65 ||   106
       Scimitar          |       |       |       |    26 ||    26
       Staff             |       |       |       |     1 ||     1
 Cast: Flame Tongue      |    49 |    67 |    74 |    74 ||   264
       Throw Flame       |     1 |     1 |     1 |     4 ||     7
       Sticky Flame      |       |    13 |    29 |    37 ||    79
       Static Discharge  |       |       |       |    11 ||    11
       Mephitic Cloud    |       |       |       |     9 ||     9
       Conjure Flame     |       |       |       |     1 ||     1
  Use: Scroll            |       |     3 |     3 |     8 ||    14
       Potion            |       |       |     2 |     3 ||     5
 Stab: Sleeping          |     2 |     7 |    20 |    18 ||    47
       Confused          |       |       |       |     4 ||     4
  Eat: Chunk             |     1 |    14 |    15 |    10 ||    40
       Meat ration       |       |       |     1 |     1 ||     2
       Fruit             |       |       |       |     4 ||     4
Armor: Robe              |    14 |    16 |    55 |    28 ||   113
       Troll leather arm |       |       |       |     6 ||     6
Dodge: Dodged            |    48 |    47 |   116 |   123 ||   334
Block: Buckler           |       |       |       |     8 ||     8
       Rpst.: Scimitar   |       |       |       |     7 ||     7
